 Dungeon Crawl Stone Soup version 0.30-a0-883-g5ad918d77d (webtiles) character file.

Game seed: 10010739327896623858

590 bande the Covered (level 7, -1/48 HPs)
             Began as a Gargoyle Fighter on Mar 17, 2023.
             Was a Follower of Okawaru.
             Slain by a wight
             ... wielding a +5 flail of freezing
              (3 damage)
             ... on level 4 of the Dungeon.
             The game lasted 00:07:01 (3643 turns).

bande the Covered (Gargoyle Fighter)                Turns: 3643, Time: 00:07:01

Health: -1/48      AC: 20    Str: 18    XL:     7   Next: 39%
Magic:  8/8        EV:  5    Int:  8    God:    Okawaru [*.....]
Gold:   337        SH:  5    Dex: 15    Spells: 5/6 levels left

rFire   . . .      SeeInvis .    a - +0 war axe
rCold   . . .      Faith    .    c - +0 buckler
rNeg    + . .      Spirit   .    k - +0 plate armour
rPois   ∞          Reflect  .    m - +0 helmet
rElec   +          Rampage  .    (no cloak)
rCorr   .                        (no gloves)
Will    .....                    j - +1 pair of boots Stlth
                                 (no amulet)
HPRegen 0.28/turn                (no ring)
MPRegen 0.11/turn                (no ring)

@: no status effects
A: sickness immunity, AC +4, negative energy resistance 1, electricity
resistance, torment resistance 1, petrification resistance, agile 1, robust 1
a: Renounce Religion, Heroism


You were on level 4 of the Dungeon.
You worshipped Okawaru.
Okawaru was aware of your devotion.
You visited 1 branch of the dungeon, and saw 4 of its levels.

You collected 337 gold pieces.

Inventory:

Hand Weapons
 a - a +0 war axe (weapon)
 n - a +0 flail
Armour
 c - a +0 buckler (worn)
 j - a +1 pair of boots (worn)
 k - a +0 plate armour (worn)
 m - a +0 helmet (worn)
Jewellery
 i - a ring of wizardry
Wands
 b - a wand of mindburst (17)
 p - a wand of paralysis (15)
Scrolls
 h - a scroll of silence
 l - 2 scrolls of magic mapping
Potions
 d - 2 potions of might
 e - a potion of curing
 f - a potion of mutation
 g - 2 potions of haste
 o - a potion of invisibility {unknown}


   Skills:
 + Level 4.5 Fighting
 + Level 4.2 Axes
 + Level 4.5 Armour
 + Level 3.9 Shields
 * Level 2.2 Translocations
 * Level 2.1 Invocations
 * Level 2.1 Evocations


You had 5 spell levels left.
You knew the following spells:

 Your Spells              Type           Power      Damage    Failure   Level
a - Apportation           Tloc           6%         N/A       100%        1

Your spell library contained the following spells:

 Spells                   Type           Power      Damage    Failure   Level
 Necrotise                Necr           0%         1d4       100%        1
 Summon Small Mammal      Summ           Unusable   N/A       N/A         1

Dungeon Overview and Level Annotations

Branches:
Dungeon (4/15)
 Temple: D:4-7

Altars:
Hepliaklqana
Makhleb
Okawaru
Qazlal
Uskayaw
Yredelemnul

Shops:
D:1 [*:   D:3 [


Innate Abilities, Weirdness & Mutations

You are immune to sickness and miasma.
Your stone body is resilient. (AC +4)
You are immune to poison.
You resist negative energy. (rN+)
You are resistant to electric shocks. (rElec)
You are resistant to unholy torment.
You are immune to petrification.
You are agile. (Dex +4, Str/Int -1)
You are robust. (+10% HP)


Message History

You slash the wight!
You destroy the wight!
Okawaru accepts your kill. 2 wights come into view.
A wight is wielding a +5 flail of freezing.
Items here: )) [[.
You block the wight's attack.
You hit the wight but do no damage. You hit the wight.
The wight hits you but does no damage. You block the wight's attack.
You hit the wight but do no damage. You hit the wight.
You block the wight's attack. The wight hits you with a +4 hand axe.
You closely miss the wight. x2; The wight hits you but does no damage.
The wight hits you with a +5 flail of freezing.
* * * LOW HITPOINT WARNING * * *
The wight freezes you.
* * * LOW HITPOINT WARNING * * *
The wight hits you but does no damage.
The wight hits you with a +5 flail of freezing.
* * * LOW HITPOINT WARNING * * *
The wight freezes you.
* * * LOW HITPOINT WARNING * * *
You hit the wight.
The wight is severely damaged.
You hit the wight but do no damage. You block the wight's attack.
The wight barely misses you.
You feel better. You block the wight's attack.
The wight hits you with a +4 hand axe!
* * * LOW HITPOINT WARNING * * *
You closely miss the wight. x2; You block the wight's attack.
The wight hits you but does no damage.
Unknown command.
You hit the wight.
The wight is heavily damaged.
You slash the wight!
You destroy the wight!
Okawaru accepts your kill.
The wight hits you with a +5 flail of freezing.
* * * LOW HITPOINT WARNING * * *
The wight freezes you.
You die...

*,**########.#.# #..#
*,,,...........######..####
****###.#######........<...
*,,,### #.#####....#.
*,*,..# #.# #.##.#. *,,,#.#
#.# #.##.#. ****#.# #.#
#.##.#. ##z## #.# #......
*#)@)###.# ####.#.
*#.###.##.# #.#. #.**
##.#.# #.#. #,* #...# #.#.
*,** *#.### #.#. **,**#.##
#.#. **,..#* #.#. *###*
#.#. #.#.


You could see a wight.

Vanquished Creatures
  An ogre (D:4)
  A phantom (D:4)
  A scorpion (D:4)
  3 wights (D:4)
  A howler monkey (D:3)
  An orc priest (D:3)
  A hound (D:4)
  An orc wizard (D:4)
  7 adders
  An ufetubus (D:4)
  3 worms
  A dart slug (D:2)
  10 orcs
  3 bats
  4 endoplasms
  A giant cockroach (D:1)
  4 goblins
  5 hobgoblins
  3 quokkas
  6 ball pythons
  2 frilled lizards (D:2)
  11 kobolds
  4 rats (D:1)
75 creatures vanquished.

Vanquished Creatures (others)
  A plant (D:1)
1 creature vanquished.

Grand Total: 76 creatures vanquished

Notes
Turn   | Place    | Note
-------+----------+-------------------------------------------
     0 | D:1      | bande the Gargoyle Fighter began the quest for the Orb.
     0 | D:1      | Reached XP level 1. HP: 14/14 MP: 1/1
    95 | D:1      | Found Notukku's Antique Weapon Boutique.
   155 | D:1      | Found Guab's Book Shop.
   239 | D:1      | Reached XP level 2. HP: 19/19 MP: 2/2
   262 | D:1      | Found Ymut's Armour Boutique.
   287 | D:1      | Found Debbe's General Store.
   933 | D:2      | Reached XP level 3. HP: 18/24 MP: 3/3
  1198 | D:2      | Learned a level 1 spell: Apportation
  1262 | D:2      | Gained mutation: You sometimes lose your temper in combat.
                  | [potion of mutation]
  1263 | D:2      | Lost mutation: You sometimes lose your temper in combat.
                  | [potion of mutation]
  1263 | D:2      | Gained mutation: You are robust. (+10% HP) [potion of
                  | mutation]
  1263 | D:2      | Gained mutation: You are agile. (Dex +4, Str/Int -1)
                  | [potion of mutation]
  1712 | D:3      | Reached XP level 4. HP: 31/31 MP: 4/4
  1802 | D:3      | Found a basalt altar of Yredelemnul.
  1819 | D:3      | Found a burning altar of Makhleb.
  1832 | D:3      | Found Zamooll's Antique Armour Shop.
  1838 | D:3      | Reached XP level 5. HP: 36/36 MP: 5/5
  1935 | D:3      | Reached skill level 1 in Evocations
  1960 | D:3      | Found an iron altar of Okawaru.
  2027 | D:3      | Became a worshipper of Warmaster Okawaru
  2431 | D:3      | Found a stormy altar of Qazlal.
  2520 | D:4      | Found a hide-covered altar of Uskayaw.
  2554 | D:4      | Noticed a phantom
  2567 | D:4      | Killed a phantom
  2568 | D:4      | Reached skill level 1 in Translocations
  2568 | D:4      | Reached skill level 1 in Invocations
  2568 | D:4      | Reached XP level 6. HP: 41/41 MP: 6/6
  2653 | D:4      | Reached * piety under Okawaru
  2980 | D:4      | Found a hazy altar of Hepliaklqana.
  3113 | D:4      | HP: 2/42 [ogre/+0 giant club (20)]
  3115 | D:4      | Reached XP level 7. HP: 3/48 MP: 8/8
  3643 | D:4      | HP: 2/48 [wight/+5 flail of freezing (6)]
  3643 | D:4      | Slain by a wight

Illustrated notes

Levels and vault maps discovered:
D:1:      lightli_arrival_farm, layout_loops_ring, serial_shops, shop, shop,
          shop, nicolae_shop_stone
D:2:      layout_loops_ring
D:3:      layout_loops_ring, amcnicky_altar_gilded,
          nicolae_qazlal_scattered_showers, yredelemnul_altar_generic,
          mainiacjoe_overflow_alcove_4, serial_shops, nicolae_diamond_shop,
          kennysheep_big_empty_room, kennysheep_orc_chapel
D:4:      minmay_wonky_spiral, layout_loops_ring,
          eat_drink_and_be_merry_uskayaw, nicolae_ashenzari_skybound,
          kennysheep_mini_moat, kennysheep_small_square

Skill      XL: |  1  2  3  4  5  6  7 |
---------------+----------------------+-----
Axes           | 2 3 4 |  4.2
Fighting       | 4 |  4.5
Evocations     | 1 2 |  2.1
Armour         | 4 |  4.5
Translocations | 1 2 |  2.2
Invocations    | 1 2 |  2.1
Shields        | |  3.9

Action                     |  1- 3 |  4- 6 |  7- 9 || total
---------------------------+-------+-------+-------++-------
  Melee: War axe           |    95 |   119 |    48 ||   262
    Use: Scroll            |     5 |     4 |     1 ||    10
         Potion            |     2 |       |     1 ||     3
 Armour: Scale mail        |    23 |       |       ||    23
         Plate armour      |    16 |   110 |    35 ||   161
  Dodge: Dodged            |    40 |    22 |    12 ||    74
  Block: Buckler           |    23 |    27 |    13 ||    63

Table legend: (Time is in decaauts)
 A = Elapsed time spent in this place.
 B = Non-inter-level travel time spent in this place.
 C = Inter-level travel time spent in this place.
 D = Time resting spent in this place.
 E = Time spent auto-exploring this place.
 F = Levels seen in this place.
 G = Mean time per level.
                   A        B        C        D        E       F      G
               +--------+--------+--------+--------+--------+-----+--------+
         Total |   3776 |   3641 |    135 |    540 |   2336 |   4 |  944.0 |
       Dungeon |   3776 |   3641 |    135 |    540 |   2336 |   4 |  944.0 |
               +--------+--------+--------+--------+--------+-----+--------+

Top non-repeatable levels by time:
     D:4: 1163 daAuts
     D:1: 914 daAuts
     D:3: 886 daAuts
     D:2: 811 daAuts
